Cogmind - Beta 13 @@@ ROGUE MODE // 2024.04.04 @ 04:25:37 Player: Redman9012 Result: Destroyed by as-42950 with Assembled Rifle Performance ------------- Evolutions (0) 0 Regions Visited (2) 400 Robots Destroyed (7) 35 Value Destroyed (192) 192 Prototype IDs (0) 0 Alien Tech Used (0) 0 Bonus (0) 0 TOTAL SCORE: 627 Bonus ------- None Cogmind --------- Core Integrity 0/250 Matter 300/300 Energy 100/100 System Corruption 0% Temperature Cool (0) Movement Core (400) Ox7 Location -10/Mines Parts ------- > --- POWER (1) -------- (None) > --- PROPULSION (2) --- (None) > --- UTILITY (2) ------ Large Storage Unit Structural Scanner > --- WEAPON (2) ------- Particle Gun > --- INVENTORY (15) --- Light Ion Engine Light Ion Engine Signal Interpreter Power Shielding Power Shielding Utility Shielding Small Laser Peak State ------------ > --- POWER ------------ Ion Engine > --- PROPULSION ------- Light Treads Light Treads > --- UTILITY ---------- Large Storage Unit Power Shielding > --- WEAPON ----------- Particle Gun Light Assault Rifle > --- INVENTORY -------- Light Ion Engine Light Ion Engine Structural Scanner Power Shielding Small Laser [Rating: 8] Favorites ----------- Power Ion Engine Engine Ion Engine Propulsion Light Treads Treads Light Treads Utility Large Storage Unit Device Structural Scanner Storage Large Storage Unit Protection Power Shielding Weapon Light Assault Rifle Energy Gun Particle Gun Ballistic Gun Light Assault Rifle Build | -11 -10 -10 ------- Run | Yrd Mat Min Slots Evolved . | . . . Power . | . . . Propulsion . | . . . Utility . | . . . Weapon . | . . . Parts Attached 15 | 6 9 . Power 2 | 1 1 . Engine 2 | 1 1 . Core . | . . . Reactor . | . . . Propulsion 2 | 2 . . Treads 2 | 2 . . Leg . | . . . Wheel . | . . . Hover . | . . . Flight . | . . . Utility 8 | 1 7 . Device 3 | . 3 . Storage 2 | 1 1 . Processor . | . . . Hackware . | . . . Protection 3 | . 3 . Artifact . | . . . Weapon 3 | 2 1 . Energy Gun 2 | 1 1 . Energy Cannon . | . . . Ballistic Gun 1 | 1 . . Ballistic Cannon . | . . . Launcher . | . . . Special Weapon . | . . . Impact Weapon . | . . . Slashing Weapon . | . . . Piercing Weapon . | . . . Special Melee Weapon . | . . . Unidentified Prototypes . | . . . Parts Lost 5 | . 1 4 Power 1 | . . 1 Propulsion 2 | . . 2 Utility . | . . . Weapon 2 | . 1 1 Highest Loss Streak 4 | . 1 4 To Critical Strikes . | . . . Average Slot Usage (%) 98 | . 98 99 Engine 14 | . 14 14 Treads 28 | . 28 28 Device 9 | . 6 14 Storage 14 | . 14 14 Protection 4 | . 6 . Energy Gun 13 | . 12 14 Ballistic Gun 13 | . 14 13 Naked Turns . | . . . Heaviest Build 30 | 11 30 30 Greatest Support 40 | 40 40 40 Greatest Overweight (x) 7 | . . 7 Average Overweight (x) . | . . . Largest Inventory Capacity 15 | 8 15 15 Average Capacity 14 | 6 14 15 Most Carried 7 | 5 6 7 Average Carried 5 | 2 4 6 Final Capacity 15 | 8 15 15 Final Carried 7 | 2 5 7 Class Distribution -------------------- 100% | Mutant Dominant Class ---------------- Mutant | -10/Materials Mutant | -10/Mines Resources | -11 -10 -10 ----------- Run | Yrd Mat Min Matter Collected 378 | 167 211 . Remotely . | . . . Salvage Created 255 | . 241 14 Parts 11 | . 11 . Haulers Intercepted . | . . . Recyclers Shooed . | . . . Parts Field Recycled . | . . . Retrieved Matter . | . . . Parts Self-Destructed . | . . . Prevented . | . . . Kills | -11 -10 -10 ------- Run | Yrd Mat Min Combat Hostiles Destroyed 8 | . 7 1 Guns 8 | . 7 1 Classes Destroyed 3 | . 2 1 Swarmer 3 | . 3 . Grunt 4 | . 4 . Assembled 1 | . . 1 Best Kill Streak 2 | . 2 1 Combat Bots Only 2 | . 2 1 Max Kills in Single Turn 1 | . 1 1 Gunslinging . | . . . Exploded . | . . . Melee . | . . . Uniques/NPCs Destroyed . | . . . Combat | -11 -10 -10 -------- Run | Yrd Mat Min Hostile Shots Fired 93 | . 68 25 Missed 21 | . 16 5 Damage Taken 830 | . 582 248 Core 258 | . 120 138 Absorbed by Shields . | . . . Redirected to Shielding 10 | . 10 . Core Remaining (%) 100 | 100 . . Volleys Fired 46 | . 43 3 Largest 2 | . 2 2 Hottest 85 | . 85 85 Shots Fired 64 | . 59 5 Gun 64 | . 59 5 Cannon . | . . . Launcher . | . . . Special . | . . . Kinetic 45 | . 43 2 Thermal 12 | . 9 3 Explosive . | . . . Electromagnetic 7 | . 7 . Robot Hit Streak 7 | . 4 7 Robot Miss Streak 5 | . 5 2 Penetration Max . | . . . Secondary Targets 2 | . 1 1 Max Gunslinging Chain 1 | . 1 1 Shots Hit Robots 36 | . 33 3 Core Hits 18 | . 16 2 Critical Kills . | . . . Critical Parts Destroyed . | . . . Critical Strikes 1 | . . 1 Burn 1 | . . 1 Melee Attacks . | . . . Impact . | . . . Slashing . | . . . Piercing . | . . . Sneak Attacks . | . . . Combat Hostiles . | . . . Follow-up Attacks . | . . . Damage Inflicted 362 | . 329 33 Guns 362 | . 329 33 Cannons . | . . . Explosions . | . . . Melee . | . . . Ramming . | . . . Kinetic 216 | . 209 7 Thermal 83 | . 57 26 Explosive . | . . . Electromagnetic 63 | . 63 . Impact . | . . . Slashing . | . . . Piercing . | . . . Highest Corruption . | . . . Average Corruption . | . . . Corruption Purged . | . . . Corruption Blocked . | . . . Overload Shots . | . . . Overflow Damage . | . . . Projectiles . | . . . Explosions . | . . . Melee . | . . . Knockbacks . | . . . Impact . | . . . Kinetic . | . . . Secondary . | . . . Self-Inflicted Damage . | . . . Shots . | . . . Rammed . | . . . Targets Rammed . | . . . Kicked . | . . . Crushed . | . . . Highest Temperature 126 | . 126 88 Average Temperature 50 | . 49 53 Received Heat Transfer 393 | . 273 120 Siege Activations . | . . . Robots Corrupted . | . . . Combat Hostiles . | . . . Parts Fried . | . . . Impact Corruptions . | . . . Robots Melted . | . . . Combat Hostiles . | . . . Parts Melted . | . . . Heat Transferred 296 | . 148 148 Parts Sabotaged . | . . . Parts Stolen . | . . . Parts Stripped . | . . . Power Chain Reactions . | . . . Alert | -11 -10 -10 ------- Run | Yrd Mat Min Peak Influence 100 | . 100 39 Initial 39 | . . 39 Average 38 | . 43 38 Maximum Alert Level . | . . . Low Security (%) 100 | 100 100 100 Level 1 . | . . . Level 2 . | . . . Level 3 . | . . . Level 4 . | . . . Level 5 . | . . . High Security . | . . . Max Security . | . . . Squads Dispatched . | . . . Investigation . | . . . Extermination . | . . . Reinforcement . | . . . Assault . | . . . Garrison . | . . . Intercept . | . . . Searches Triggered . | . . . Construction Impeded . | . . . Haulers Reinforced . | . . . Active Scanning Responses . | . . . Cargo Convoy Interrupts . | . . . Stealth | -11 -10 -10 --------- Run | Yrd Mat Min Distress Signals . | . . . Communications Jammed . | . . . Distress Signals . | . . . Times Spotted 14 | . 9 5 Peak Tracking Total 7 | . 3 7 Tactical Retreats 1 | . 1 . Traps | -11 -10 -10 ------- Run | Yrd Mat Min Traps Triggered . | . . . Indirectly . | . . . Trap Hack Attempts . | . . . Triggered . | . . . Disarmed . | . . . Reprogrammed . | . . . Reused . | . . . Traps Extracted . | . . . Installed . | . . . Triggered . | . . . Machines | -11 -10 -10 ---------- Run | Yrd Mat Min Machines Disabled . | . . . Max in Single Turn . | . . . Machines Repaired . | . . . Machines Dismantled . | . . . Machines Sabotaged . | . . . Overloaded Fab Kills . | . . . Hacking | -11 -10 -10 --------- Run | Yrd Mat Min Machines Accessed 1 | . 1 . Terminals 1 | . 1 . Fabricators . | . . . Repair Stations . | . . . Recycling Units . | . . . Scanalyzers . | . . . Garrison Access . | . . . Total Hacks 4 | . 4 . Successful 2 | . 2 . Failed 2 | . 2 . Catastrophic . | . . . Database Lockouts . | . . . Manual . | . . . Terminals 4 | . 4 . Fabricators . | . . . Repair Stations . | . . . Recycling Units . | . . . Scanalyzers . | . . . Garrison Access . | . . . Terminal Hacks 2 | . 2 . Locate Traps 1 | . 1 . Registered Components 1 | . 1 . Fabricator Hacks . | . . . Repair Station Hacks . | . . . Recycling Unit Hacks . | . . . Scanalyzer . | . . . Garrison Access Hacks . | . . . Unauthorized Hacks . | . . . Terminals . | . . . Fabricators . | . . . Repair Stations . | . . . Recycling Units . | . . . Scanalyzers . | . . . Garrison Access . | . . . Data Cores Recovered . | . . . Used . | . . . Hacking Detections 1 | . 1 . Full Trace Events . | . . . Feedback Events . | . . . Feedback Blocked . | . . . Robot Schematics Acquired . | . . . Robots Built . | . . . Authchips . | . . . Time . | . . . Total Robot Build Rating . | . . . Part Schematics Acquired . | . . . Parts Built . | . . . Authchips . | . . . Time . | . . . Total Part Build Rating . | . . . Parts Repaired . | . . . Time . | . . . Parts Recycled . | . . . Recycled Matter . | . . . Retrieved Matter . | . . . Retrieved Components . | . . . Parts Scanalyzed . | . . . Part Schematics Acquired . | . . . Parts Damaged . | . . . Bothacking | -11 -10 -10 ------------ Run | Yrd Mat Min Used RIF Installer . | . . . Robots Hacked . | . . . Non-combat . | . . . Combat . | . . . Robot Hacks Applied . | . . . Relay Couplers Released . | . . . Fabnet Peak Effective % . | . . . Robots Rewired . | . . . Allies Hacked . | . . . Hacks Repelled . | . . . Allies | -11 -10 -10 -------- Run | Yrd Mat Min Total Allies . | . . . Largest Group . | . . . Highest-Rated Group . | . . . Highest-Rated Ally . | . . . Total Orders . | . . . Ally Attacks . | . . . Total Damage . | . . . Kills . | . . . Allies Corrupted . | . . . Allies Melted . | . . . Intel | -11 -10 -10 ------- Run | Yrd Mat Min Robot Analysis Total . | . . . Derelict Logs Recovered . | . . . Drone Launches . | . . . Drone Recoveries . | . . . Exploration | -11 -10 -10 ------------- Run | Yrd Mat Min Turns Passed 1137 | 89 691 357 Spaces Moved 628 | 52 361 215 Core 10 | 8 . 2 Treads 618 | 44 361 213 Legs . | . . . Wheels . | . . . Hover . | . . . Flight . | . . . Fastest Speed 50 | 50 160 160 Average Speed 159 | 143 160 162 Slowest Speed 400 | 160 160 400 Overloaded Moves . | . . . Propulsion Burnouts . | . . . Robots Hopped . | . . . Cave-ins Triggered . | . . . Exploration Rate (%) 34 | 4 37 61 Regions Visited 2 Branch Regions 1 Pre-discovered Areas . | . . . Known Exits Taken . | . . . Unknown Exits Taken 2 | 1 1 . Scrap Searched . | . . . Spaces Dug . | . . . Terrain Destroyed . | . . . Melee . | . . . Projectile . | . . . AOE . | . . . Terrain Rammed . | . . . Walls Destroyed . | . . . Machines Disabled . | . . . Actions | -11 -10 -10 --------- Run | Yrd Mat Min Total 709 | 67 422 220 Wait 5 | 2 3 . Move 626 | 51 360 215 Hop . | . . . Pick Up 16 | 8 6 2 Fast Attach . | . . . Attach 9 | 6 3 . Detach . | . . . Swap 6 | . 6 . Drop 1 | . 1 . Fire 46 | . 43 3 Melee . | . . . Ram . | . . . Kick . | . . . Crush . | . . . Escape Stasis . | . . . Rewire . | . . . Trap . | . . . Miscellaneous . | . . . Route ------- -11/Scrapyard -10/Materials -10/Mines (discovered 1 exit: [*Mat]) History --------- Turn | Location | Event 14 | -11/Scrapyard | Discovered new exit (range 15) 90 | -11/Scrapyard | Entered Materials 316 | -10/Materials | Build established: Mutant 437 | -10/Materials | Discovered new exit (range 8) 781 | -10/Materials | Entered Mines 811 | -10/Mines | Met a Derelict bent on vengeance 813 | -10/Mines | Discovered new exit (range 6) 1112 | -10/Mines | Assembled infested the area 1117 | -10/Mines | Assisted by a Guerilla fighting off Assembled 1122 | -10/Mines | Core integrity fell below 50% 1134 | -10/Mines | Core integrity fell below 20% 1138 | -10/Mines | Destroyed by as-42950 with Assembled Rifle Last Messages --------------- 00828_ Acquired Signal Interpreter. 00831_ K-01 Serf collects debris. 00832_ Acquired Utility Shielding. 00835_ K-01 Serf collects debris. 00975_ CQ-OJJ(g): "WHERE ARE YOU, UNAWARE TRASH?! VENGEANCE UPON YOU!" 01010_ K-01 Serf collects debris. 01112_ ALERT: Infestation in the mines, dispatching Demolisher response squad. 01117_ A derelict emerges from the shadows: "You need to get out of here! I've been tracking a group of Assembled to figure out where they're coming from, and they're closing on this area, come on!" 01119_ as-33314 suffers critical hit (Burn). 01120_ U-05 Engineer destroyed. 01122_ as-33314 destroyed. 01122_ Switching to secondary target: as-08266. 01124_ R-06 Scavenger destroyed. 01126_ Lgt. Assault Rifle destroyed. 01130_ Lgt. Treads destroyed. 01132_ Ion Engine destroyed. 01136_ R-06 Scavenger collects Tractor Beam. Map ----- +----------------------------------------------------+ | ?????????????????## ########???????## #### | | ?????????????????## #########??????## ### | | ?????????????????## #### ####?????## ### | | ?????????????????### ## ###?????## ### | | ?????????????????#### ## ###????## ### | | ??????????????????######## ###????## | | ???????????????????####### ## ######## # | | | ????????????????????????### #### ######## ### | | ????????????????????????######### ### | | ?????????????????????????######## ######### ### | | ???????????????????????????????## ######### # | | ???????????????????????????????### ###??### | | ???????????????????????????????### ###??## | | ????????????????????????????????## ##???## ### | | ????????????????????????????????## ##???### ##### | | ????????????????????????????????## ######## ###### | | ????????????????????????????????## ######## ###### | | ????????????????????????????????## ##?### | | ????????????????????????????????## ###########?## | | ????????????????????????????????## ###########?## | | ????????????????## ?????????????## ##??????????### | | ???????????####?## ?????????????## ##???????????## | | ???????####### ?##*######???????## ##???????????## | | ???????###### # ############### ##????????????# | | ???????## $a%aa ########### ##????????????# | | ???????# """ a =%@r ##????????????# | | ?????????? """ ##### ##############????????????? | | ???????????""" ? ##### #############?????????????? | | ??????????? ????????## #####?????????????????????? | | ????????????????????## ##?????????????????????? | | ????????????????????##### ##??######?????????????? | | ????????????????????##### ###########????????????? | | ???????????????????????## ###### ####???????????? | | ???????????????????????## #####?????????? | | ???????????????????????## #####????????? | | ???????????????????????####### ###?????#### | | ???????????????????????####### ##????##### | | ????????????????????????????##### ##????### | | ????????????????????????????###### ##????## | | ???????????????????????????????#### ##????## | | ????????????????????????????????#### ###???## | | ?????????????????????????????????#### ######## # | | ????????????????????????????######### ####### # | | ?????????????????????????########### # | | ???????????????????????####### ## ####### # | | ???????????????????????#### ######## | | ?????????????????????? ######### | | ??????????????????????##### ### #### | | ??????????????????????##### #### ### | | ?????????????????????????????### | +----------------------------------------------------+ Best States ------------- Heat Dissipation 25 Energy Generation 10 Energy Capacity 250 Matter Stores 300 Matter Capacity 300 Sight Range 16 Terrain Scan Density 10 Power Shielding 33 Evasion (%) 40 Recoil Reduction 2 Item Schematics ----------------- None Robot Schematics ------------------ None Fabricated ------------ Nothing Alien Tech Used ----------------- None Achievements -------------- None Challenges ------------ None Game ------ Seed SwarmMolecularCutter Manual? 0 Play Time 00:09:39 Cumulative 4.1 hours Start 2024.04.04 @ 04:18:04 End 2024.04.04 @ 04:25:37 Sessions 1 Manual Loads 0 Difficulty Rogue Special Mode None Game No. 7 Rogue 7 Adventurer 0 Explorer 0 Win Type - Total 0 Types 0/0/0/0/0/0/0/0/0 Lore% 13 Gallery% 7 Achievement% 6 Wizard Run 0 Options --------- Layout 0 ASCII 0 Keyboard 0 Movement Numpad Keybinds 0 Fullscreen 1 Font 18/SmallcapsGlow Map View 76x50 Zoom Use 0% Tactical HUD 1 Map Filters NONE Filters NONE Steam 1 RUN: ef0ecdc6-89e3-43f7-9e42-04b18b64b42b